 Dungeon Crawl Stone Soup version 0.31-a0-174-g85c54bcb58 (webtiles) character file.

Game seed: 2348287106462292080

39 Faragor the Conjurer (level 3, -1/19 HPs)
             Began as a Deep Elf Conjurer on June 15, 2023.
             Slain by Natasha (6 damage)
             ... on level 2 of the Dungeon.
             The game lasted 00:03:29 (1418 turns).

Faragor the Conjurer (Deep Elf Conjurer)            Turns: 1418, Time: 00:03:29

Health: -1/19      AC:  2    Str:  4    XL:     3   Next: 26%
Magic:  4/10       EV: 12    Int: 24    God:
Gold:   38         SH:  0    Dex: 13    Spells: 3/9 levels left

rFire   . . .        e - +0 short sword (drain)
rCold   . . .        (no shield)
rNeg    . . .        a - +0 robe
rPois   .            (no helmet)
rElec   .            (no cloak)
rCorr   .            (no gloves)
SInv    .            (no boots)
Will    .....        (no amulet)
Stlth   ++           (no ring)
HPRegen 0.23/turn    (no ring)
MPRegen 0.12/turn

%: no passive effects
@: no status effects
A: no striking features
a: no special abilities


You were on level 2 of the Dungeon.
You visited 1 branch of the dungeon, and saw 2 of its levels.

You collected 38 gold pieces.

Inventory:

Hand Weapons
 e - a +0 short sword of draining (weapon)
Armour
 a - a +0 robe (worn)
Scrolls
 c - 2 scrolls of identify {unknown}
 f - a scroll of teleportation {unknown}
 h - a scroll of enchant armour {unknown}
Potions
 b - a potion of magic
 d - a potion of invisibility {unknown}
 g - a potion of enlightenment {unknown}
 i - a potion of curing {unknown}


   Skills:
 + Level 3.0 Dodging
 + Level 3.1 Stealth
 + Level 3.6 Spellcasting
 + Level 4.7 Conjurations


You had 3 spell levels left.
You knew the following spells:

 Your Spells              Type           Power      Damage    Failure   Level
a - Magic Dart            Conj           100%       1d8       1%          1
b - Searing Ray           Conj           54%        2d6       2%          2
c - Mephitic Cloud        Conj/Pois/Air  12%        N/A       16%         3

Your spell library contained the following spells:

 Spells                   Type           Power      Damage    Failure   Level
 Kiss of Death            Conj/Necr      60%        2d10      3%          1
 Dazzling Flash           Conj/Hex       30%        N/A       12%         3
 Call Imp                 Summ           8%         N/A       16%         2
 Confusing Touch          Hex            4%         N/A       30%         3
 Fulminant Prism          Conj/Hex       7%         3d6       36%         4
 Iskenderun's Mystic Bla  Conj/Tloc      15%        2d5       36%         4
 Dispel Undead            Necr           4%         3d7       71%         4


Dungeon Overview and Level Annotations

Branches:
Dungeon (2/15)

Altars:

Annotations:
D:2 Natasha


Message History

g - a yellow potion You see here a +1 short sword of speed.
h - a scroll labelled MARIHU BAEFOIJOI You now have 38 gold pieces (gained 13).
You open the door.
There is an open door here.
You open the door.
There is an open door here.
Found a stone staircase leading down.
i - an amethyst potion Natasha, Servant of Life and Death comes into view.
Natasha is nearby!
Casting: Magic Dart (safe; 1% risk of failure)
Confirm with . or Enter, or press ? or * to list all spells.
Aiming: Magic Dart (safe; 1% risk of failure)
Press: ? - help, Shift-Dir - straight line, f - Natasha
Aim: Natasha (100% to hit)
The magic dart hits Natasha but does no damage.
Natasha claws you!
Casting: Magic Dart (safe; 1% risk of failure)
Confirm with . or Enter, or press ? or * to list all spells.
Aiming: Searing Ray (safe; 2% risk of failure)
Press: ? - help, Shift-Dir - straight line, f/p - Natasha
Aim: Natasha (74% to hit)
The searing ray misses Natasha. (Press . to maintain the ray.) Natasha closely misses you.
The searing ray hits Natasha.
Natasha is heavily wounded.
Natasha closely misses you.
The searing ray hits Natasha.
Natasha is heavily wounded.
Natasha stares at you and mumbles some strange words.
The magic dart hits you.
* * * LOW HITPOINT WARNING * * *
The searing ray hits Natasha.
Natasha is almost dead.
You finish channelling your searing ray.
Natasha claws you.
You die...

## #.. #..
#####
#...#...#
...#.#.#
..>#.#
.######h#.#
........@.#
..######.###
.### #.#
....###.#
#.....#
#.....#
#.....#
#.....#
##..#.#


You could see Natasha.

Vanquished Creatures
  A bat (D:1)
  6 endoplasms (D:1)
  A giant cockroach (D:2)
  3 goblins
  4 hobgoblins
  2 jackals (D:1)
  6 kobolds
  2 quokkas
  A ball python (D:1)
  3 frilled lizards
  4 rats (D:1)
33 creatures vanquished.

Notes
Turn   | Place    | Note
-------+----------+-------------------------------------------
     0 | D:1      | Faragor the Deep Elf Conjurer began the quest for the Orb.
     0 | D:1      | Reached XP level 1. HP: 10/10 MP: 6/6
   232 | D:1      | Reached XP level 2. HP: 15/15 MP: 6/8
   851 | D:1      | Reached XP level 3. HP: 19/19 MP: 7/10
  1172 | D:1      | Learned a level 2 spell: Searing Ray
  1176 | D:1      | Learned a level 3 spell: Mephitic Cloud
  1413 | D:2      | Noticed Natasha
  1418 | D:2      | Slain by Natasha

Illustrated notes

Levels and vault maps discovered:
D:1:      dpeg_arrival_water_fire, layout_basic
D:2:      layout_basic, uniq_natasha

Skill      XL: |  1  2 |
---------------+-------+-----
Stealth        | 3 |  3.1
Dodging        | 3 |  3.0
Spellcasting   | |  3.6
Conjurations   | |  4.7

Action                     || total
---------------------------++-------
  Melee: Unarmed           ||     1
   Cast: Magic Dart        ||    61
         Searing Ray       ||     1
 Armour: Robe              ||     1
  Dodge: Dodged            ||     8

Table legend: (Time is in decaauts)
 A = Elapsed time spent in this place.
 B = Non-inter-level travel time spent in this place.
 C = Inter-level travel time spent in this place.
 D = Time resting spent in this place.
 E = Time spent auto-exploring this place.
 F = Levels seen in this place.
 G = Mean time per level.
                   A        B        C        D        E       F      G
               +--------+--------+--------+--------+--------+-----+--------+
         Total |   1420 |   1389 |     31 |     50 |   1212 |   2 |  710.0 |
       Dungeon |   1420 |   1389 |     31 |     50 |   1212 |   2 |  710.0 |
               +--------+--------+--------+--------+--------+-----+--------+

Top non-repeatable levels by time:
     D:1: 1207 daAuts
     D:2: 212 daAuts
